 Dungeon Crawl Stone Soup version 0.14-a0-848-g57a047c (webtiles) character file.

77 PolkaDot the Ruinous (level 3, 0/24 HPs)
             Began as a Vampire Conjurer on Nov 14, 2013.
             Engulfed by a cloud of flame (24 damage)
             ... on Level 2 of the Dungeon.
             The game lasted 00:07:31 (1782 turns).

PolkaDot the Ruinous (Vampire Conjurer)             Turns: 1782, Time: 00:07:31

HP   0/24        AC  2     Str  7      XL: 3   Next: 62%
MP   2/6         EV 12     Int 17      God:
Gold 24          SH  0     Dex 15      Spells:  2 memorised,  1 level left

Res.Fire  : . . .   See Invis. : +   b - +2,+0 elf short sword
Res.Cold  : . . .   Warding    : .   a - +0 robe
Life Prot.: + . .   Conserve   : .   (no shield)
Res.Poison: .       Res.Corr.  : .   (no helmet)
Res.Elec. : .       Clarity    : .   (no cloak)
Sust.Abil.: . .     Spirit.Shd : .   (no gloves)
Res.Mut.  : .       Stasis     : .   (no boots)
Res.Rott. : .       Flight     : .   (no amulet)
Saprovore : . . .                    (no ring)
                                     (no ring)

@: slightly resistant to hostile enchantments, stealthy
A: fangs 3, see invisible, unbreathing
a: Bat Form


You were on level 2 of the Dungeon.
You were not thirsty.

You visited 1 branch of the dungeon, and saw 2 of its levels.

You collected 24 gold pieces.

Inventory:

Hand weapons
 b - a +2,+0 elven short sword (weapon)
Armour
 a - a +0 robe (worn)
Scrolls
 d - a scroll of blinking {unknown}
 e - a scroll of noise {unknown}
 f - a scroll of enchant armour {unknown}
 g - a scroll of fog {unknown}
 h - a scroll of remove curse {unknown}
 i - a scroll of enchant weapon II {unknown}
 l - a scroll of curse weapon {unknown}
Potions
 j - a potion of heal wounds {unknown}
 k - a potion of restore abilities {unknown}
Books
 c - a book of Conjurations

   Spells                             Type                      Level
   *Magic Dart                        Conjuration                  1
   *Searing Ray                       Conjuration                  2
   Dazzling Spray                     Conjuration/Hexes            3
   Iskenderun's Mystic Blast          Conjuration                  4
   Iskenderun's Battlesphere          Conjuration/Charms           4
   Fulminant Prism                    Conjuration/Hexes            5


   Skills:
 - Level 2.1 Dodging
 - Level 3.0 Stealth
 - Level 1.0 Spellcasting
 * Level 4.0 Conjurations


You had one spell level left.
You knew the following spells:

 Your Spells              Type           Power        Failure   Level  Hunger
a - Magic Dart            Conj           ##..         4%          1    ##.....
s - Searing Ray           Conj           ##....       10%         2    ###....


Dungeon Overview and Level Annotations

Branches:
Dungeon (2/16)

Altars:
Vehumet


Innate Abilities, Weirdness & Mutations

You have razor-sharp teeth.*
You have supernaturally acute eyesight.
You can survive without breathing.*


Message History

The hobgoblin is severely wounded.
Casting: Magic Dart
Confirm with . or Enter, or press ? or * to list all spells.
Aiming: Magic Dart
Press: ? - help, Shift-Dir - straight line, f/p - hobgoblin
Aim: a hobgoblin (severely wounded)
The magic dart hits the hobgoblin.
You kill the hobgoblin!
Casting: Magic Dart
Confirm with . or Enter, or press ? or * to list all spells.
You can't see any susceptible monsters within range! (Use Z to cast anyway.) Really walk into a travel-excluded area?
An adder comes into view.
Found a scroll labeled ITIOLL ROHOA.
The adder is engulfed in roaring flames.
Really walk into that cloud of flame?
A giant gecko comes into view.
You are engulfed in roaring flames.
Ouch! That really hurt!
You die...

l.# #.# ..$..## # #..
#......# #.#.#
#......# #.#.###
#......## #......
#.......# ###.###
#..§§.§.# #.#
#....S§.###### #.#
#§§@§§.?...# #.#
#.#.....####.# ##.###
#...........?#.##.....
########.......##.....
#.########..... #.#
#..... #.# #.....
######'## #.....
#.......# ###.....


You could see an adder and a giant gecko (sleeping).

Vanquished Creatures
  An adder (D:2)
  A worm (D:2)
  3 giant geckos
  An ooze (D:1)
  4 bats (D:1)
  3 giant cockroaches (D:1)
  2 hobgoblins
  3 jackals (D:1)
  7 kobolds
  A ball python (D:1)
  2 giant newts
  5 goblins (D:1)
  6 rats
39 creatures vanquished.

Notes
Turn   | Place    | Note
--------------------------------------------------------------
     0 | D:1      | PolkaDot, the Vampire Conjurer, began the quest for the Orb.
     0 | D:1      | Reached XP level 1. HP: 13/13 MP: 4/4
   289 | D:1      | Reached XP level 2. HP: 19/19 MP: 2/5
   934 | D:1      | Reached XP level 3. HP: 6/24 MP: 4/6
  1357 | D:2      | Learned a level 2 spell: Searing Ray
  1689 | D:2      | Reached skill level 4 in Conjurations
  1768 | D:2      | Found a radiant altar of Vehumet.
  1782 | D:2      | Engulfed by a cloud of flame

Action                   || total
-------------------------++-------
Melee: Unarmed           ||    11
       Short sword       ||    62
 Cast: Magic Dart        ||    51
       Searing Ray       ||     4
  Use: Potion            ||     1
 Stab: Sleeping          ||     2
